 Dungeon Crawl Stone Soup version 0.30.1-4-g462c640d31 (webtiles) character file.

Game seed: 9485038188973545849

22 GimliDwarf the Nimble (level 2, 0/23 HPs)
             Began as a Gnoll Wanderer on Aug 15, 2023.
             Slain by a goblin
             ... wielding a +0 club
             ... led by Robin
              (3 damage)
             ... on level 2 of the Dungeon.
             The game lasted 00:02:04 (829 turns).

GimliDwarf the Nimble (Gnoll Wanderer)               Turns: 829, Time: 00:02:05

Health: 0/23       AC:  3    Str:  9    XL:     2   Next: 91%
Magic:  2/2        EV: 16    Int:  8    God:
Gold:   60         SH:  5    Dex: 16    Spells: 2/2 levels left

rFire   . . .        a - +0 short sword
rCold   . . .        d - +0 buckler
rNeg    . . .        c - +0 leather armour
rPois   .            (no helmet)
rElec   .            (no cloak)
rCorr   .            (no gloves)
SInv    .            (no boots)
Will    .....        (no amulet)
Stlth   +            (no ring)
HPRegen 0.23/turn    (no ring)
MPRegen 0.08/turn

%: no passive effects
@: no status effects
A: fangs 1, strong nose, distributed training
a: no special abilities


You were on level 2 of the Dungeon.
You visited 1 branch of the dungeon, and saw 2 of its levels.

You collected 60 gold pieces.

Inventory:

Hand Weapons
 a - a +0 short sword (weapon)
 k - a +0 sling of draining
Armour
 c - a +0 leather armour (worn)
 d - a +0 buckler (worn)
Scrolls
 f - a scroll of identify
Potions
 e - a potion of haste
 l - a potion of heal wounds


   Skills:
 + Level 2.5 Fighting
 + Level 4.5 Short Blades
 + Level 0.5 Long Blades
 + Level 0.5 Axes
 + Level 0.5 Maces & Flails
 + Level 0.5 Polearms
 + Level 0.5 Staves
 + Level 0.5 Ranged Weapons
 + Level 0.5 Throwing
 + Level 0.5 Armour
 + Level 10.4 Dodging
 + Level 0.5 Stealth
 + Level 2.5 Shields
 + Level 0.5 Unarmed Combat
 + Level 0.5 Spellcasting
 + Level 0.4 Conjurations
 + Level 0.4 Hexes
 + Level 0.4 Summonings
 + Level 0.4 Necromancy
 + Level 0.4 Translocations
 + Level 0.4 Transmutations
 + Level 0.4 Fire Magic
 + Level 0.4 Ice Magic
 + Level 0.4 Air Magic
 + Level 0.4 Earth Magic
 + Level 0.4 Poison Magic
 + Level 0.7 Invocations
 + Level 2.5 Evocations


You had 2 spell levels left.
You didn't know any spells.
Your spell library contained the following spells:

 Spells                   Type           Power      Damage    Failure   Level
 Freeze                   Ice            0%         1d3       58%         1
 Frozen Ramparts          Ice            0%         1d1       92%         3
 Hailstorm                Conj/Ice       0%         3d3       92%         3


Dungeon Overview and Level Annotations

Branches:
Dungeon (2/15)

Altars:

Annotations:
D:2 Robin, Sigmund


Innate Abilities, Weirdness & Mutations

You have very sharp teeth.
Your uncanny sense of smell can sniff out nearby items.
Your experience applies equally to all skills.


Message History

Robin roars a battlecry!
The goblins go into a battle-frenzy!
The goblin hits you but does no damage. The goblin hits you with a +0 club.
You hit the goblin. Your bite misses the goblin.
The goblin is moderately wounded.
You miss the goblin.
The goblin is moderately wounded.
The goblin hits you with a +0 club. The goblin completely misses you.
You block the goblin's attack.
You miss the goblin.
The goblin is moderately wounded.
The goblin closely misses you. x2; The goblin misses you.
You barely miss the goblin.
The goblin is moderately wounded.
You block Robin's attack. The goblin hits you but does no damage.
The goblin misses you. You block the goblin's attack.
You hit the goblin.
The goblin is severely wounded.
You block the goblin's attack. x2; Robin hits you with a +0 short sword.
The goblin hits you with a +0 club.
You hit the goblin but do no damage.
The goblin is severely wounded.
You closely miss the goblin.
The goblin is severely wounded.
You block the goblin's attack. The goblin closely misses you.
The goblin misses you. Robin misses you.
You hit the goblin.
The goblin is almost dead.
The goblin hits you with a +0 club. x2; The goblin closely misses you.
You hit the goblin.
You kill the goblin!
The goblin completely misses you. Robin misses you.
The goblin closely misses you. Robin throws the goblin at you!
The goblin hits you with a +0 club.
* * * LOW HITPOINT WARNING * * *
There is a stone staircase leading up here.
Things that are here:
a +0 club; a goblin corpse You block the goblin's attack.
The goblin hits you with a +0 club.
You die...

#########
#g@g....#
#g#####.#
#....ggg#
......gg.
..##.##.##
#. #.# #
#.. ###


You could see Robin and 7 goblins.

Vanquished Creatures
  A dart slug (D:1)
  2 endoplasms (D:1)
  2 goblins
  3 hobgoblins (D:1)
  2 quokkas (D:1)
  3 bats (D:1)
  2 frilled lizards (D:1)
  A kobold (D:1)
  3 rats (D:1)
19 creatures vanquished.

Notes
Turn   | Place    | Note
-------+----------+-------------------------------------------
     0 | D:1      | Reached skill level 10 in Dodging
     0 | D:1      | GimliDwarf the Gnoll Wanderer began the quest for the Orb.
     0 | D:1      | GimliDwarf set off with the following items: a +0 short
                  | sword, 2 throwing nets, a +0 leather armour, a +0 buckler,
                  | a potion of haste.
     0 | D:1      | Reached XP level 1. HP: 17/17 MP: 1/1
   111 | D:1      | Reached XP level 2. HP: 23/23 MP: 2/2
   682 | D:2      | Noticed Sigmund
   815 | D:2      | Noticed Robin
   829 | D:2      | Slain by a goblin

Illustrated notes

Levels and vault maps discovered:
D:1:      lightli_arrival_statue_moat, layout_basic, serial_bayou_pond_e
D:2:      layout_loops_corners, uniq_sigmund, uniq_robin

Skill      XL: | |
---------------+-+-----
Dodging        | | 10.4
Fighting       | |  2.5
Short Blades   | |  4.5
Long Blades    | |  0.5
Axes           | |  0.5
Maces & Flails | |  0.5
Polearms       | |  0.5
Staves         | |  0.5
Ranged Weapons | |  0.5
Throwing       | |  0.5
Armour         | |  0.5
Stealth        | |  0.5
Shields        | |  2.5
Unarmed Combat | |  0.5
Spellcasting   | |  0.5
Conjurations   | |  0.4
Hexes          | |  0.4
Summonings     | |  0.4
Necromancy     | |  0.4
Translocations | |  0.4
Transmutations | |  0.4
Fire Magic     | |  0.4
Ice Magic      | |  0.4
Air Magic      | |  0.4
Earth Magic    | |  0.4
Poison Magic   | |  0.4
Invocations    | |  0.7
Evocations     | |  2.5

Action                     || total
---------------------------++-------
  Melee: Short sword       ||    71
         Bite              ||     6
   Fire: Sling             ||     4
  Throw: Throwing net      ||     2
    Use: Scroll            ||     5
   Stab: Sleeping          ||     1
 Armour: Leather armour    ||    13
  Dodge: Dodged            ||    46
  Block: Buckler           ||    16
